3L
LONE STAR BC @ OAKLAND OAKS
09/24/2018
 
TOP OF THE 1ST
Lone Star BC batting - Pitching for Oakland Oaks : RHP Mauro Marín
Pitching: RHP Mauro Marín
Batting: LHB Ray Merrill 0-0: Called Strike
0-1: Reached on error, E6 (Groundball, 6)
Batting: LHB Gregory Johnson 0-0: Called Strike
0-1: Foul Ball, location: 2F
0-2: Ball
1-2: Ball
2-2: Foul Ball, location: 2F
2-2: Fielders Choice at 2nd, 6-4 (Groundball, 6M)
Batting: LHB Tom Smith 0-0: Called Strike
Gregory Johnson is caught stealing 2nd base
0-1: Swinging Strike
0-2: Foul Ball, location: 2F
0-2: Ball
1-2: Foul Ball, location: 2F
1-2: Ball
2-2: Ball
3-2: SINGLE (Groundball, 34D)
Batting: RHB Toshitsugu Sakamoto 0-0: Called Strike
0-1: Ball
1-1: Called Strike
1-2: Strikes out swinging
Top of the 1st over - 0 run(s), 1 hit(s), 1 error(s), 1 left on base; Lone Star 0 - Oakland 0
BOTTOM OF THE 1ST
Oakland Oaks batting - Pitching for Lone Star BC : RHP Grant White
Pitching: RHP Grant White
Batting: SHB John Allen 0-0: Called Strike
0-1: Foul Ball, location: 2F
0-2: Ball
1-2: Ball
2-2: SINGLE (Line Drive, 6MD)
Batting: RHB Francisco González 0-0: Swinging Strike
0-1: Ground out 6-3 (Groundball, 6MS)
John Allen to second
Batting: RHB Aurelio Vázquez 0-0: Called Strike
0-1: Ground out 1-3 (Groundball, 15)
Batting: LHB Jason Adair 0-0: Ball
1-0: Called Strike
1-1: Ball
2-1: Ball
3-1: Foul Ball, location: 2F
3-2: Base on Balls
Batting: RHB Chandler Bailey 0-0: Ball
1-0: Fly out, F8 (Flyball, 8RM)
Bottom of the 1st over - 0 run(s), 1 hit(s), 0 error(s), 2 left on base; Lone Star 0 - Oakland 0
TOP OF THE 2ND
Lone Star BC batting - Pitching for Oakland Oaks : RHP Mauro Marín
Batting: SHB Matt Morris 0-0: Ball
1-0: Ball
2-0: Ball
3-0: Base on Balls
Batting: RHB Elvis Larson 0-0: Called Strike
0-1: Fly out, F3 (Popup, 13)
Batting: RHB Robert Hill 0-0: Ball
1-0: SINGLE (Groundball, 4M)
Matt Morris to second
Batting: RHB Henry Potts 0-0: Ball
1-0: Swinging Strike
1-1: Foul Ball, location: 2F
1-2: Ball
2-2: Ball
3-2: Foul Ball, location: 2F
3-2: Foul Ball, location: 2F
3-2: Foul Ball, location: 2F
3-2: Grounds into double play, 1-6-3 (Groundball, 13)
Top of the 2nd over - 0 run(s), 1 hit(s), 0 error(s), 1 left on base; Lone Star 0 - Oakland 0
BOTTOM OF THE 2ND
Oakland Oaks batting - Pitching for Lone Star BC : RHP Grant White
Batting: SHB Arturo Hernández 0-0: Ball
1-0: Called Strike
1-1: Ball
2-1: Ball
3-1: Base on Balls
Batting: RHB Wilber Moon 0-0: Ball
1-0: Ball
2-0: Ball
3-0: Base on Balls
Arturo Hernández to second
Batting: LHB Félix Pérez 0-0: Ball
1-0: Ball
2-0: Ball
3-0: Called Strike
3-1: Called Strike
3-2: Fly out, F7 (Flyball, 78M)
Batting: RHB Mauro Marín 0-0: Sac Bunt - play at first, batter OUT! 4-3
Arturo Hernández to third
Wilber Moon to second
Batting: SHB John Allen 0-0: Fly out, F8 (Flyball, 8LM)
Bottom of the 2nd over - 0 run(s), 0 hit(s), 0 error(s), 2 left on base; Lone Star 0 - Oakland 0
TOP OF THE 3RD
Lone Star BC batting - Pitching for Oakland Oaks : RHP Mauro Marín
Batting: RHB Grant White 0-0: Ball
1-0: Called Strike
1-1: Ball
2-1: Ball
3-1: Fly out, F6 (Line Drive, 6M)
Batting: LHB Ray Merrill 0-0: Called Strike
0-1: SOLO HOME RUN (Line Drive, 9D), Distance : 378 ft
Batting: LHB Gregory Johnson 0-0: Ground out 4-3 (Groundball, 4M)
Batting: LHB Tom Smith 0-0: Ball
1-0: Called Strike
1-1: Ball
2-1: Ball
3-1: Base on Balls
Batting: RHB Toshitsugu Sakamoto 0-0: Ball
1-0: Called Strike
1-1: Called Strike
1-2: Strikes out swinging
Top of the 3rd over - 1 run(s), 1 hit(s), 0 error(s), 1 left on base; Lone Star 1 - Oakland 0
BOTTOM OF THE 3RD
Oakland Oaks batting - Pitching for Lone Star BC : RHP Grant White
Batting: RHB Francisco González 0-0: Called Strike
0-1: Foul Ball, location: 2F
0-2: Ground out 4-3 (Groundball, 4)
Batting: RHB Aurelio Vázquez 0-0: Called Strike
0-1: SINGLE (Line Drive, 34D)
Batting: LHB Jason Adair 0-0: Called Strike
0-1: Fielders Choice at 2nd, 4-6 (Groundball, 4)
Batting: RHB Chandler Bailey 0-0: Called Strike
0-1: Ball
1-1: Foul Ball, location: 2F
1-2: SINGLE (Line Drive, 3L)
Jason Adair to second
Runner from 2nd tries for 3rd, SAFE, throw made to third
Chandler Bailey to second
Batting: SHB Arturo Hernández 0-0: Called Strike
0-1: Foul Ball, location: 2F
0-2: Ball
1-2: Ball
2-2: Reached on error, E4 (Groundball, 4)
Jason Adair scores
Chandler Bailey scores
Batting: RHB Wilber Moon 0-0: Foul Ball, location: 2F
0-1: Ball
1-1: Called Strike
1-2: Foul Ball, location: 2F
1-2: Foul Ball, location: 2F
1-2: Ball
2-2: Foul Ball, location: 2F
2-2: Strikes out swinging
Bottom of the 3rd over - 2 run(s), 2 hit(s), 1 error(s), 1 left on base; Lone Star 1 - Oakland 2
TOP OF THE 4TH
Lone Star BC batting - Pitching for Oakland Oaks : RHP Mauro Marín
Batting: SHB Matt Morris 0-0: Ball
1-0: Ball
2-0: Hit by Pitch
Batting: RHB Elvis Larson 0-0: Ball
1-0: Ball
2-0: Called Strike
2-1: Foul Ball, location: 2F
2-2: Ball
3-2: Ground out 4-3 (Groundball, 4M)
Matt Morris to second
Batting: RHB Robert Hill 0-0: Ground out 5-3 (Groundball, 56)
Batting: RHB Henry Potts 0-0: Called Strike
0-1: DOUBLE (Line Drive, 3L)
Matt Morris scores
Batting: RHB Grant White 0-0: Ball
1-0: Foul Ball, location: 2F
1-1: Ball
2-1: Foul Ball, location: 2F
2-2: Fly out, F9 (Flyball, 9M)
Top of the 4th over - 1 run(s), 1 hit(s), 0 error(s), 1 left on base; Lone Star 2 - Oakland 2
BOTTOM OF THE 4TH
Oakland Oaks batting - Pitching for Lone Star BC : RHP Grant White
Batting: LHB Félix Pérez 0-0: Ball
1-0: SINGLE (Groundball, 34D) (infield hit)
Batting: RHB Mauro Marín 0-0: Called Strike
Félix Pérez steals 2nd base
0-1: Ball
1-1: Sac Bunt - play at first, batter OUT! 2-4
Félix Pérez to third
Batting: SHB John Allen 0-0: Called Strike
0-1: Ball
1-1: SINGLE (Line Drive, 89S)
Félix Pérez scores
Batting: RHB Francisco González 0-0: Ball
1-0: Called Strike
John Allen steals 2nd base
1-1: Swinging Strike
1-2: Strikes out swinging
Batting: RHB Aurelio Vázquez 0-0: Foul Ball, location: 2F
0-1: Ball
1-1: Swinging Strike
1-2: Foul Ball, location: 2F
1-2: Ball
2-2: Foul Ball, location: 2F
2-2: Foul Ball, location: 2F
2-2: Fly out, F8 (Flyball, 8LXD)
Bottom of the 4th over - 1 run(s), 2 hit(s), 0 error(s), 1 left on base; Lone Star 2 - Oakland 3
TOP OF THE 5TH
Lone Star BC batting - Pitching for Oakland Oaks : RHP Mauro Marín
Batting: LHB Ray Merrill 0-0: Ground out 6-3 (Groundball, 6)
Batting: LHB Gregory Johnson 0-0: Ball
1-0: Called Strike
1-1: Called Strike
1-2: Foul Ball, location: 2F
1-2: Foul Ball, location: 2F
1-2: Ball
2-2: Ball
3-2: Base on Balls
Batting: LHB Tom Smith 0-0: Ball
1-0: Called Strike
1-1: Called Strike
Gregory Johnson steals 2nd base
1-2: Ball
2-2: Ball
3-2: Base on Balls
Batting: RHB Toshitsugu Sakamoto 0-0: Ground out 5-3 (Groundball, 56S)
Gregory Johnson to third
Tom Smith to second
Batting: SHB Matt Morris 0-0: Ball
1-0: Ball
2-0: SINGLE (Groundball, 34D)
Gregory Johnson scores
Tom Smith to third
Batting: RHB Elvis Larson 0-0: Ball
1-0: Ball
2-0: Ball
3-0: Called Strike
3-1: Base on Balls
Matt Morris to second
Batting: RHB Robert Hill 0-0: Called Strike
0-1: Ball
1-1: Fly out, F8 (Line Drive, 8RM)
Top of the 5th over - 1 run(s), 1 hit(s), 0 error(s), 3 left on base; Lone Star 3 - Oakland 3
BOTTOM OF THE 5TH
Oakland Oaks batting - Pitching for Lone Star BC : RHP Grant White
Batting: LHB Jason Adair 0-0: Ball
1-0: Ball
2-0: Called Strike
2-1: Swinging Strike
2-2: Ground out 6-3 (Groundball, 6)
Batting: RHB Chandler Bailey 0-0: Ball
1-0: Ball
2-0: Ball
3-0: Called Strike
3-1: Base on Balls
Batting: SHB Arturo Hernández 0-0: Ball
1-0: Called Strike
1-1: Ball
2-1: Foul Ball, location: 2F
2-2: Foul Ball, location: 2F
2-2: Ground out 5-3 (Groundball, 56S)
Chandler Bailey to second
Batting: RHB Wilber Moon 0-0: Called Strike
0-1: Ground out 5-3 (Groundball, 5S)
Bottom of the 5th over - 0 run(s), 0 hit(s), 0 error(s), 1 left on base; Lone Star 3 - Oakland 3
TOP OF THE 6TH
Lone Star BC batting - Pitching for Oakland Oaks : RHP Mauro Marín
Batting: RHB Henry Potts 0-0: Called Strike
0-1: Ground out 5-3 (Groundball, 56)
Batting: RHB Grant White 0-0: Fly out, F6 (Popup, 56D)
Batting: LHB Ray Merrill 0-0: Fly out, F8 (Flyball, 89D)
Top of the 6th over - 0 run(s), 0 hit(s), 0 error(s), 0 left on base; Lone Star 3 - Oakland 3
BOTTOM OF THE 6TH
Oakland Oaks batting - Pitching for Lone Star BC : RHP Grant White
Batting: LHB Félix Pérez 0-0: Ball
1-0: Swinging Strike
1-1: Swinging Strike
1-2: Foul Ball, location: 2F
1-2: Strikes out looking
Pinch Hitting: RHB Orlando Trevino 0-0: Foul Ball, location: 2F
0-1: Foul Ball, location: 2F
0-2: Ball
1-2: Ground out 5-3 (Groundball, 56)
Batting: SHB John Allen 0-0: Called Strike
0-1: Ground out U3 (Groundball, 3)
Bottom of the 6th over - 0 run(s), 0 hit(s), 0 error(s), 0 left on base; Lone Star 3 - Oakland 3
TOP OF THE 7TH
Lone Star BC batting - Pitching for Oakland Oaks : RHP Mauro Marín
Pitching: RHP Boyd Craig
Batting: LHB Gregory Johnson 0-0: Ball
1-0: Ball
2-0: Called Strike
2-1: Swinging Strike
2-2: Ball
3-2: SINGLE (Line Drive, 89S)
Batting: LHB Tom Smith 0-0: Called Strike
Throwing error on steal attempt, E2
Gregory Johnson to third
0-1: Swinging Strike
0-2: Strikes out swinging
Batting: RHB Toshitsugu Sakamoto 0-0: Ball
Balk!
Gregory Johnson scores
1-0: Ball
2-0: SINGLE (Line Drive, 89S)
Batting: SHB Matt Morris 0-0: Called Strike
0-1: Foul Ball, location: 2F
0-2: Ball
1-2: TRIPLE (Flyball, 7LS)
Toshitsugu Sakamoto scores
Pitching: RHP Dick Rasmussen
Batting: RHB Elvis Larson 0-0: Called Strike
0-1: Ball
1-1: Called Strike
1-2: Foul Ball, location: 2F
1-2: Strikes out swinging
Batting: RHB Robert Hill 0-0: Ball
1-0: Called Strike
1-1: Ball
2-1: Foul Ball, location: 2F
2-2: Ball
3-2: Foul Ball, location: 2F
3-2: Strikes out swinging
Top of the 7th over - 2 run(s), 3 hit(s), 1 error(s), 1 left on base; Lone Star 5 - Oakland 3
BOTTOM OF THE 7TH
Oakland Oaks batting - Pitching for Lone Star BC : RHP Grant White
Batting: RHB Francisco González 0-0: Ball
1-0: Ball
2-0: Swinging Strike
2-1: Ball
3-1: Called Strike
3-2: Base on Balls
Pitching: RHP Kelly Hyde
Now at 3B: José Rodríguez
Batting: RHB Aurelio Vázquez 0-0: Grounds into double play, 4-6-3 (Groundball, 4)
Batting: LHB Jason Adair 0-0: Swinging Strike
0-1: Hit by Pitch
Batting: RHB Chandler Bailey 0-0: Ball
1-0: Reached on Error, E8 (Flyball, 8LM)
Jason Adair to third
Batting: SHB Arturo Hernández 0-0: Called Strike
0-1: Ball
1-1: Called Strike
1-2: DOUBLE (Groundball, 3L)
Jason Adair scores
Chandler Bailey scores
Pitching: LHP José Reyna
Batting: RHB Wilber Moon 0-0: Called Strike
0-1: Ball
1-1: Swinging Strike
1-2: SINGLE (Line Drive, 56)
Arturo Hernández to third
Runner from 3rd tries for Home, SAFE, no throw or cutoff
Pinch Hitting: SHB Eugene Parrish 0-0: Called Strike
0-1: Fly out, F9 (Flyball, 89S)
Bottom of the 7th over - 3 run(s), 2 hit(s), 1 error(s), 1 left on base; Lone Star 5 - Oakland 6
TOP OF THE 8TH
Lone Star BC batting - Pitching for Oakland Oaks : RHP Dick Rasmussen
Now at SS: Eugene Parrish
Now in LF: Eric Murti
Batting: RHB Henry Potts 0-0: Foul Ball, location: 2F
0-1: Ball
1-1: Fly out, F3 (Popup, 34S)
Batting: RHB José Rodríguez 0-0: Swinging Strike
0-1: Foul Ball, location: 2F
0-2: Ball
1-2: SINGLE (Line Drive, 89S)
Batting: LHB Ray Merrill 0-0: Grounds into double play, 6-4-3 (Groundball, 6)
Top of the 8th over - 0 run(s), 1 hit(s), 0 error(s), 0 left on base; Lone Star 5 - Oakland 6
BOTTOM OF THE 8TH
Oakland Oaks batting - Pitching for Lone Star BC : LHP José Reyna
Pinch Hitting: LHB Juan Jaramillo 0-0: Ball
1-0: Ball
2-0: Called Strike
2-1: Ball
3-1: Base on Balls
Batting: SHB John Allen 0-0: Called Strike
0-1: Ball
1-1: Ball
2-1: Swinging Strike
2-2: Ball
3-2: Foul Ball, location: 2F
3-2: Base on Balls
Juan Jaramillo to second
Batting: RHB Francisco González 0-0: Ball
1-0: Called Strike
1-1: Ball
2-1: Ball
3-1: Swinging Strike
3-2: Strikes out swinging
Batting: RHB Aurelio Vázquez 0-0: Ball
1-0: Called Strike
1-1: Ball
2-1: Foul Ball, location: 2F
2-2: Foul Ball, location: 2F
2-2: Ball
3-2: Grounds into double play, 5-4-3 (Groundball, 56)
Bottom of the 8th over - 0 run(s), 0 hit(s), 0 error(s), 1 left on base; Lone Star 5 - Oakland 6
TOP OF THE 9TH
Lone Star BC batting - Pitching for Oakland Oaks : RHP Dick Rasmussen
Pitching: RHP John Connor
Batting: LHB Gregory Johnson 0-0: Called Strike
0-1: Foul Ball, location: 2F
0-2: Strikes out swinging
Batting: LHB Tom Smith 0-0: Foul Ball, location: 2F
0-1: SOLO HOME RUN (Flyball, 89XD), Distance : 417 ft
Batting: RHB Toshitsugu Sakamoto 0-0: Called Strike
0-1: Called Strike
0-2: Ball
1-2: Ball
2-2: Strikes out swinging
Batting: SHB Matt Morris 0-0: Ball
1-0: Called Strike
1-1: SINGLE (Flyball, 89S)
Pinch Hitting: LHB Jeff Sharp 0-0: Called Strike
0-1: Ball
1-1: DOUBLE (Groundball, 5L)
Matt Morris to third
Runner from 3rd tries for Home, SAFE, throw made at trailing runner, SAFE at third!
Pitching: RHP Robert Anderson
Batting: RHB Robert Hill 0-0: Ball
1-0: Called Strike
1-1: Ground out 4-3 (Groundball, 4)
Top of the 9th over - 2 run(s), 3 hit(s), 0 error(s), 1 left on base; Lone Star 7 - Oakland 6
BOTTOM OF THE 9TH
Oakland Oaks batting - Pitching for Lone Star BC : LHP José Reyna
Pitching: RHP Zak Glass
Now at C: Ricardo Nieto
Batting: LHB Jason Adair 0-0: Ball
1-0: Fly out, F9 (Flyball, 9D)
Batting: RHB Chandler Bailey 0-0: Ball
1-0: Ground out 5-3 (Groundball, 5L)
Batting: RHB Eric Murti 0-0: Ball
1-0: Ball
2-0: Ball
3-0: Called Strike
3-1: Called Strike
3-2: Base on Balls
Batting: RHB Wilber Moon 0-0: Ball
1-0: Called Strike
1-1: Ball
Passed Ball!
Eric Murti to second
2-1: Ground out 5-3 (Groundball, 5)
Bottom of the 9th over - 0 run(s), 0 hit(s), 0 error(s), 1 left on base; Lone Star 7 - Oakland 6
This league is powered by Out of the Park Baseball, the baseball management simulation game for PC, Mac and Linux
Monday, May 4th, 2015 - OOTP Baseball 15.6 Build 34